 Dungeon Crawl Stone Soup version 0.25.0-37-gb73750e0fb (webtiles) character file.

Game seed: 13763330908963496914

3168 Revguard the Ogre Mage (level 9, -3/91 HPs)
             Began as an Ogre Fire Elementalist on July 9, 2020.
             Was a Priest of Ru.
             Killed from afar by Harold (11 damage)
             ... with a harpoon shot
             ... on level 8 of the Dungeon.
             The game lasted 00:36:19 (9634 turns).

Revguard the Ogre Mage (Ogre Fire Elementalist)     Turns: 9634, Time: 00:36:22

Health: -3/91      AC:  8    Str: 16    XL:     9   Next: 94%
Magic:  2/19       EV:  0    Int: 19    God:    Ru [***...]
Gold:   425        SH:  0    Dex:  9    Spells: 9/22 levels left

rFire    . . .     SeeInvis .   q - +3 flail (protect)
rCold    . . .     Gourm    .   (no shield)
rNeg     . . .     Faith    .   a - +0 robe
rPois    .         Spirit   .   d - +2 hat
rElec    .         Reflect  .   o - +2 cloak
rCorr    .         Harm     .   (gloves unavailable)
MR       .....     Rnd*Tele +   (boots unavailable)
Stlth    ..........             (no amulet)
HPRegen  0.65/turn              v - ring of wizardry
MPRegen  0.16/turn              (no ring)

@: marked, no potions, berserk cooldown, held, slowed, very slow
A: large, unfitting armour, regeneration 1, robust 1, strong 1, teleportitis 1,
tough skin 1, inability to drink while threatened, no stealth, reduced EV 1
a: Draw Out Power, Renounce Religion


You were on level 8 of the Dungeon.
You worshipped Ru.
Ru was most pleased with you.
You were near starving.

You visited 1 branch of the dungeon, and saw 8 of its levels.
You also visited: Sewer.

You collected 425 gold pieces.

Inventory:

Hand Weapons
 q - a +3 flail of protection (weapon)
Armour
 a - a +0 robe (worn)
 d - a +2 hat (worn)
 o - a +2 cloak (worn)
Jewellery
 m - an uncursed ring of positive energy
 v - a ring of wizardry (left hand)
Wands
 s - a wand of digging (6)
 y - a wand of iceblast (3)
Scrolls
 b - a scroll of fear {unknown}
 c - 5 scrolls of remove curse
 e - 6 scrolls of teleportation
 f - a scroll of immolation
 i - 3 scrolls of amnesia
 n - 4 scrolls of enchant armour
 t - a scroll of holy word {unknown}
Potions
 g - 4 potions of stabbing
 h - 6 potions of curing
 j - 4 potions of flight
 k - 3 potions of might
 l - 4 potions of heal wounds
 x - a potion of ambrosia
Comestibles
 u - 3 rations


   Skills:
 + Level 3.3 Fighting
 + Level 3.2(3.4) Maces & Flails
   Level 1.4(2.7) Staves
 + Level 3.3 Dodging
 + Level 7.0 Spellcasting
 * Level 6.3 Conjurations
 * Level 4.9 Hexes
 * Level 5.8 Fire Magic
 + Level 0.5 Evocations


You had 9 spell levels left.
You knew the following spells:

 Your Spells              Type           Power        Failure   Level  Hunger
a - Foxfire               Conj/Fire      ####         1%          1    None
b - Inner Flame           Hex/Fire       ####....     1%          3    #......
c - Sticky Flame          Conj/Fire      ####....     3%          4    ###....
d - Fireball              Conj/Fire      ####......   10%         5    #####..

Your spell library contained the following spells:

 Spells                   Type           Power        Failure   Level  Hunger
 Conjure Flame            Conj/Fire      ####....     1%          3    #......


Dungeon Overview and Level Annotations

Branches:
Dungeon (8/15)             Temple (0/1) D:6           Sewer (visited)
   Lair: D:8-11

Altars:
Ashenzari
Okawaru
Qazlal
Ru
Uskayaw
Xom
Yredelemnul
The Shining One

Shops:
D:4 (

Annotations:
D:8 Harold


Innate Abilities, Weirdness & Mutations

You are too large for most types of armour.
You have tough skin. (AC +1)
You cannot drink potions while threatened.
You cannot be stealthy.
You have somewhat slow reflexes. (EV -5)
Your natural rate of healing is unusually fast.
You are robust. (+10% HP)
Your muscles are strong. (Str +2)
You are occasionally teleported next to monsters.


Message History

Your Spellcasting skill increases to level 7!
Evoke which item? (* to show all) (? for menu, Esc to quit)
Aiming: Iceblast
Press: ? - help, Shift-Dir - straight line, f/p - Harold
Aim: Harold, wielding a +0 long sword, wearing a +0 scale mail and quivering 2 throwing nets (severely wounded)
The mass of ice explodes!
The iceblast engulfs Harold!
Harold is almost dead.
The iceblast engulfs the wight.
The wight partially resists.
The wight is moderately damaged.
Evoke which item? (* to show all) (? for menu, Esc to quit)
Aiming: Iceblast
Press: ? - help, Shift-Dir - straight line, f/p - Harold
Aim: Harold, wielding a +0 long sword, wearing a +0 scale mail and quivering 2 throwing nets (almost dead)
The mass of ice explodes!
The iceblast engulfs Harold!
Harold is almost dead.
The iceblast engulfs the wight!
The wight partially resists.
The wight is almost destroyed.
Harold fires a harpoon shot at you. The harpoon shot hits you!
You die...

####
#...##
#.@#
##ยง#
#@# #z#
#Y#
#####.
#Y#
...#.
#o#
#...
#)#
#..##)#


You could see Harold, 2 yaks, a wight and an orc priest.

Vanquished Creatures
  Grinder (D:3)
  Duvessa (D:5)
  An ice beast (D:5)
  A sky beast (D:7)
  A phantom (D:5)
  3 centaurs
  5 big kobolds
  4 bullfrogs
  Dowan (D:5)
  A scorpion (D:8)
  A water moccasin skeleton (D:6)
  6 killer bees (D:7)
  5 wights (D:8)
  2 crimson imps (D:7)
  2 hounds
  A bullfrog zombie (D:6)
  A jelly (D:7)
  5 orc priests
  A centaur skeleton (D:4)
  A gnoll shaman (D:6)
  A bullfrog skeleton (D:4)
  Terence (D:3)
  An iguana (D:4)
  2 worker ants
  9 orc wizards
  9 adders
  7 gnolls (D:6)
  A howler monkey skeleton (D:4)
  7 river rats
  2 shadow imps
  2 oozes
  4 adder skeletons
  4 worms
  4 dart slugs
  5 leopard geckos
  18 orcs
  5 bats
  5 giant cockroaches
  8 hobgoblins
  11 jackals
  19 kobolds
  3 quokkas
  11 ball pythons
  3 frilled lizards
  10 goblins
  A leopard gecko skeleton (D:4)
  A quokka zombie (D:7)
  26 rats
  A foxfire (D:3)
225 creatures vanquished.

Vanquished Creatures (collateral kills)
  A frilled lizard (D:2)
1 creature vanquished.

Vanquished Creatures (others)
  A worker ant (D:4)
  A worm (D:3)
  A kobold (Sewer)
  A frilled lizard (D:4)
  504 foxfires
508 creatures vanquished.

Grand Total: 734 creatures vanquished

Notes
Turn   | Place    | Note
-------+----------+-------------------------------------------
     0 | D:1      | Revguard the Ogre Fire Elementalist began the quest for the
                  | Orb.
     0 | D:1      | Reached XP level 1. HP: 16/16 MP: 3/3
    57 | D:1      | Reached skill level 1 in Conjurations
    83 | D:1      | Reached XP level 2. HP: 4/24 MP: 0/5
  1136 | D:1      | Reached XP level 3. HP: 31/31 MP: 2/7
  1400 | D:2      | Learned a level 3 spell: Inner Flame
  1566 | D:2      | Noticed a +0 dagger
  1566 | D:2      | Noticed a +0 dagger
  1568 | D:2      | Found a hide-covered altar of Uskayaw.
  1586 | D:2      | Reached skill level 1 in Fighting
  2077 | D:2      | Reached skill level 3 in Spellcasting
  2077 | D:2      | Reached XP level 4. HP: 38/41 MP: 5/8
  2208 | D:2      | Found a basalt altar of Yredelemnul.
  2218 | D:2      | Found a stormy altar of Qazlal.
  2220 | D:2      | Found a sacrificial altar of Ru.
  2234 | D:2      | Became a worshipper of Ru the Awakened
  2978 | D:3      | Reached skill level 1 in Hexes
  3013 | D:3      | Noticed a bullfrog
  3014 | D:3      | Reached XP level 5. HP: 29/48 MP: 0/9
  3067 | D:3      | Noticed Terence
  3070 | D:3      | Killed Terence
  3074 | D:3      | Noticed Grinder
  3078 | D:3      | Paralysed by Grinder for 3 turns
  3092 | D:3      | Killed Grinder
  3092 | D:3      | Reached skill level 4 in Spellcasting
  3092 | D:3      | Reached XP level 6. HP: 55/55 MP: 1/12
  3172 | D:3      | Found a glowing drain.
  3187 | Sewer    | Entered a sewer
  3312 | Sewer    | Reached XP level 7. HP: 62/62 MP: 3/13
  3319 | Sewer    | Gained mutation: You are frail. (-10% HP) [potion of
                  | mutation]
  3319 | Sewer    | Gained mutation: You expend magic power (3 MP) to
                  | strengthen your wands. [potion of mutation]
  3843 | Sewer    | Gained mutation: You have somewhat slow reflexes. (EV -5)
                  | [Ru sacrifice]
  3843 | Sewer    | Reached * piety under Ru
  4301 | Sewer    | Reached skill level 5 in Spellcasting
  4307 | Sewer    | Learned a level 4 spell: Sticky Flame
  4313 | Sewer    | Learned a level 5 spell: Fireball
  4655 | D:3      | Found an iron altar of Okawaru.
  5080 | D:4      | Reached XP level 8. HP: 64/64 MP: 11/15
  5208 | D:4      | Lost mutation: You are frail. (-10% HP) [potion of
                  | mutation]
  5208 | D:4      | Lost mutation: You expend magic power (3 MP) to strengthen
                  | your wands. [potion of mutation]
  5208 | D:4      | Gained mutation: You are robust. (+10% HP) [potion of
                  | mutation]
  5208 | D:4      | Gained mutation: Your muscles are strong. (Str +2) [potion
                  | of mutation]
  5208 | D:4      | Gained mutation: You are occasionally teleported next to
                  | monsters. [potion of mutation]
  5208 | D:4      | Gained mutation: Your natural rate of healing is unusually
                  | fast. [potion of mutation]
  5552 | D:4      | Found a glowing golden altar of the Shining One.
  5936 | D:4      | Found a shimmering altar of Xom.
  6148 | D:4      | Found Naqias's Antique Weapon Shop.
  6402 | D:5      | Entered Level 5 of the Dungeon
  6456 | D:5      | Reached skill level 5 in Fire Magic
  6462 | D:5      | Reached skill level 1 in Maces & Flails
  6672 | D:5      | Reached skill level 5 in Conjurations
  7064 | D:5      | Noticed Dowan
  7071 | D:5      | Killed Dowan
  7086 | D:5      | Gained mutation: You cannot drink potions while threatened.
                  | [Ru sacrifice]
  7086 | D:5      | Reached ** piety under Ru
  7235 | D:5      | Noticed Duvessa
  7248 | D:5      | Killed Duvessa
  7248 | D:5      | Reached skill level 6 in Spellcasting
  7248 | D:5      | Reached XP level 9. HP: 63/88 MP: 0/18
  7846 | D:6      | Found a staircase to the Ecumenical Temple.
  7926 | D:6      | Reached skill level 1 in Staves
  9570 | D:8      | Noticed Harold
  9576 | D:8      | Found a shattered altar of Ashenzari.
  9598 | D:8      | Gained mutation: You cannot be stealthy. [Ru sacrifice]
  9598 | D:8      | Reached *** piety under Ru
  9630 | D:8      | HP: 2/91 [centaur/exploding inner flame[the player
                  | character] (32)]
  9632 | D:8      | Reached skill level 7 in Spellcasting
  9634 | D:8      | Killed from afar by Harold

Illustrated notes

Levels and vault maps discovered:
D:1:      eino_arrival_druids_welcome, layout_loops_cross,
          kennysheep_another_room, minmay_liquid_box, lemuel_old_faithful
D:2:      layout_loops_corners, dancing_weapons_uskayaw, minitemple,
          serial_forest, infiniplex_forest_straight_2,
          infiniplex_forest_lined_3, infiniplex_forest_lined_2,
          infiniplex_forest_clump_small, infiniplex_forest_clump_diagonal,
          infiniplex_forest_clump_small
D:3:      layout_rooms, lemuel_round_altar, cheibrodos_sewer_entry_sluice,
          minmay_box_of_dots, uniq_terence, uniq_grinder
D:4:      layout_loops_ring, tso_metal_star, serial_shops, shop,
          minmay_parallelograms, xom_confusion_cloud
D:5:      layout_basic, first_ration, minmay_misc_feat_secret_circle,
          uniq_duvessa
D:6:      layout_basic, minmay_temple_entry_trees
D:7:      minmay_evil_eye, layout_basic
D:8:      layout_rooms, chequers_temple_overflow_statue_of_worship,
          lemuel_doored_altar, enter_ossuary_5, hangedman_little_slice_of_home,
          grunt_tough_drop, uniq_harold

Skill      XL: |  1  2  3  4  5  6  7  8  9 |
---------------+----------------------------+-----
Conjurations   | 1 2 3 4 5 6 |  6.3
Fire Magic     | 3 4 5 |  5.8
Dodging        | 2 3 |  3.3
Fighting       | 1 2 3 |  3.3
Spellcasting   | 3 4 5 6 7 |  7.0
Hexes          | 1 2 3 4 |  4.9
Maces & Flails | 1 3 |  3.2
Staves         | 1 |  1.4
Stealth        | 0 |  0.0
Evocations     | |  0.5

Action                   |  1- 3 |  4- 6 |  7- 9 || total
-------------------------+-------+-------+-------++-------
Melee: Unarmed           |    23 |    39 |    18 ||    80
       Whip              |       |       |    24 ||    24
       Flail             |       |       |   162 ||   162
 Cast: Foxfire           |    69 |    59 |   211 ||   339
       Inner Flame       |       |     1 |    25 ||    26
       Sticky Flame      |       |       |    11 ||    11
       Fireball          |       |       |     5 ||     5
Invok: Sacrifice Health  |       |       |     1 ||     1
       Sacrifice Drink   |       |       |     1 ||     1
       Sacrifice Stealth |       |       |     1 ||     1
Evoke: Wand              |       |     5 |    11 ||    16
  Use: Scroll            |     3 |     8 |     4 ||    15
       Potion            |     2 |     2 |     9 ||    13
  Eat: Chunk             |     3 |     5 |    19 ||    27
       Ration            |       |       |     1 ||     1
Armor: Robe              |    10 |    26 |   161 ||   197
       Skin              |       |    13 |       ||    13
Dodge: Dodged            |    32 |    43 |    88 ||   163
